 Dungeon Crawl Stone Soup version 0.28.0-53-g5a82cb258f (webtiles) character file.

Game seed: 12972764802734266954

21 Zeld the Conjurer (level 2, 0/15 HPs)
             Began as a Gargoyle Conjurer on June 1, 2022.
             Slain by an adder (3 damage)
             ... on level 2 of the Dungeon.
             The game lasted 00:03:31 (1198 turns).

Zeld the Conjurer (Gargoyle Conjurer)               Turns: 1198, Time: 00:03:32

Health: 0/15       AC:  4    Str: 10    XL:     2   Next: 87%
Magic:  1/5        EV: 11    Int: 18    God:
Gold:   33         SH:  0    Dex:  8    Spells: 2/5 levels left

rFire   . . .      SeeInvis .   (no weapon)
rCold   . . .      Faith    .   (no shield)
rNeg    + . .      Spirit   .   a - +0 robe
rPois   ∞          Reflect  .   (no helmet)
rElec   +          Harm     .   (no cloak)
rCorr   .          Rampage  .   (no gloves)
Will    .....                   (no boots)
Stlth   ++........              (no amulet)
HPRegen 0.05/turn               (no ring)
MPRegen 0.09/turn               (no ring)

@: no status effects
A: sickness immunity, AC +2, negative energy resistance 1, electricity
resistance, torment resistance 1, petrification resistance
a: no special abilities


You were on level 2 of the Dungeon.
You visited 1 branch of the dungeon, and saw 2 of its levels.

You collected 33 gold pieces.

Inventory:

Armour
 a - a +0 robe (worn)
Scrolls
 b - a scroll of identify {unknown}
 c - a scroll of summoning {unknown}
 d - a scroll of vulnerability {unknown}
 e - a scroll of enchant armour {unknown}
Potions
 f - a potion of lignification {unknown}
 g - a potion of heal wounds {unknown}


   Skills:
 - Level 1.5 Dodging
 + Level 2.3 Stealth
 * Level 2.3 Spellcasting
 + Level 4.4 Conjurations
 * Level 0.8 Hexes
 * Level 1.0 Translocations


You had 2 spell levels left.
You knew the following spells:

 Your Spells              Type           Power      Damage    Failure   Level
a - Magic Dart            Conj           72%        1d6       2%          1
b - Searing Ray           Conj           36%        2d5       4%          2

Your spell library contained the following spells:

 Spells                   Type           Power      Damage    Failure   Level
 Dazzling Flash           Conj/Hex       22%        N/A       19%         3
 Iskenderun's Mystic Bla  Conj/Tloc      12%        2d5       50%         4
 Fulminant Prism          Conj/Hex       5%         3d7       52%         4


Dungeon Overview and Level Annotations

Branches:
Dungeon (2/15)

Altars:


Innate Abilities, Weirdness & Mutations

You are immune to sickness and miasma.
Your stone body is resilient. (AC +2)
You are immune to poison.
You resist negative energy. (rN+)
You are resistant to electric shocks. (rElec)
You are resistant to unholy torment.
You are immune to petrification.


Message History

The quokka barely misses you.
The giant cockroach completely misses you.
The adder closely misses you. The quokka closely misses you.
The adder barely misses you.
Found a silvery potion.
The quokka barely misses you. The quokka barely misses you.
A frilled lizard comes into view.
Found a robe.
Found a book of Transfigurations and a scroll labelled ZEICSO BIELOPN.
Found 21 sling bullets.
The adder barely misses you. The adder bites you but does no damage.
Casting: Magic Dart (safe; 2% risk of failure)
Confirm with . or Enter, or press ? or * to list all spells.
Aiming: Magic Dart (safe; 2% risk of failure)
Press: ? - help, Shift-Dir - straight line, f/p - adder
Aim: an adder (lightly wounded, 100% to hit)
The magic dart hits the adder.
The adder is heavily wounded.
The adder bites you.
Unknown command.
Casting: Magic Dart (safe; 2% risk of failure)
Confirm with . or Enter, or press ? or * to list all spells.
Aiming: Magic Dart (safe; 2% risk of failure)
Press: ? - help, Shift-Dir - straight line, f/p - adder
Aim: an adder (heavily wounded, 100% to hit)
The magic dart hits the adder.
The adder is severely wounded.
The adder bites you.
Unknown command.
Casting: Magic Dart (safe; 2% risk of failure)
Confirm with . or Enter, or press ? or * to list all spells.
You don't have enough magic to cast this spell.
Unknown command.
The adder bites you.
* * * LOW HITPOINT WARNING * * *
The frilled lizard hisses angrily.
A goblin comes into view. It is wielding a +0 dagger.
The adder bites you.
You die...

#......######
...##.........##### .
................... ..
.............B.... ...##
#.........###...#.
.....##.........###.....
...........##...........
...........##...........
.......@Sr.##...........
........l..B........!...
.g.##......##....#......
. #......##..........#
##+#................
#....[........###
#......?:.....#
#.......(.....#
.........##.#


You could see an adder, a quokka, a giant cockroach, a goblin (wandering) and a
frilled lizard.

Vanquished Creatures
  A dart slug (D:1)
  3 ball pythons (D:1)
  A bat (D:1)
  2 endoplasms (D:1)
  A goblin (D:1)
  A hobgoblin (D:1)
  4 kobolds (D:1)
  2 quokkas (D:1)
  A frilled lizard (D:1)
  2 rats (D:1)
18 creatures vanquished.

Notes
Turn   | Place    | Note
-------+----------+-------------------------------------------
     0 | D:1      | Zeld the Gargoyle Conjurer began the quest for the Orb.
     0 | D:1      | Reached XP level 1. HP: 10/10 MP: 3/3
   410 | D:1      | Reached XP level 2. HP: 13/15 MP: 0/5
   413 | D:1      | Learned a level 2 spell: Searing Ray
   983 | D:1      | Reached skill level 1 in Translocations
  1198 | D:2      | Slain by an adder

Illustrated notes

Levels and vault maps discovered:
D:1:      dpeg_arrival_oval, layout_loops_ring
D:2:      layout_basic

Skill      XL: |  1  2 |
---------------+-------+-----
Translocations | 1 |  1.0
Dodging        | |  1.5
Stealth        | |  2.3
Spellcasting   | |  2.3
Conjurations   | |  4.4
Hexes          | |  0.8

Action                   || total
-------------------------++-------
Melee: Unarmed           ||     3
 Cast: Magic Dart        ||    36
       Searing Ray       ||     1
 Stab: Sleeping          ||     1
Armor: Robe              ||     3
Dodge: Dodged            ||    26
